 Dungeon Crawl Stone Soup version 0.26-a0-651-gb41185065b (webtiles) character file.

Game seed: 12520317786031472034

217 Irenicus the Geomancer (level 5, 1/42 HPs)
             Began as a Deep Dwarf Earth Elementalist on Oct 20, 2020.
             Quit the game on level 3 of the Dungeon.
             The game lasted 00:05:54 (911 turns).

Irenicus the Geomancer (DDEE)                        Turns: 911, Time: 00:05:55

Health: 1/42       AC:  3    Str: 11 (12) XL:     5   Next: 61%
Magic:  6/7        EV: 11    Int: 15 (16) God:
Gold:   41         SH:  0    Dex: 10 (13) Spells: 6/7 levels left

rFire    . . .     SeeInvis .   d - +0 club
rCold    . . .     Faith    .   (no shield)
rNeg     . . .     Spirit   .   e - +0 leather armour
rPois    .         Reflect  .   (no helmet)
rElec    .         Harm     .   (no cloak)
rCorr    .         Rampage  .   (no gloves)
MR       .....                  (no boots)
Stlth    ++........             (no amulet)
HPRegen  0.00/turn              (no ring)
MPRegen  0.10/turn              (no ring)

@: non-regenerating
A: damage resistance, heal wounds, sense surroundings 1, no regeneration
a: Heal Wounds


You were on level 3 of the Dungeon.
You visited 1 branch of the dungeon, and saw 3 of its levels.

You collected 41 gold pieces.

Inventory:

Hand Weapons
 d - a +0 club (weapon)
   (You took it off a goblin on level 1 of the Dungeon)
Missiles
 b - 18 stones (quivered)
Armour
 e - a +0 leather armour (worn)
   (You found it on level 1 of the Dungeon)
Scrolls
 f - a scroll of remove curse
 g - a scroll of teleportation
Potions
 c - a potion of cancellation


   Skills:
 - Level 2.1 Dodging
 - Level 2.4 Stealth
 - Level 1.7 Spellcasting
   Level 0.8 Transmutations
 + Level 8.5 Earth Magic


You had 6 spell levels left.
You knew the following spells:

 Your Spells              Type           Power        Failure   Level
a - Sandblast             Erth           ####..       1%          1

Your spell library contained the following spells:

 Spells                   Type           Power        Failure   Level
 Passwall                 Tmut/Erth      ###.....     7%          2
 Stone Arrow              Conj/Erth      ##....       16%         3
 Lee's Rapid Deconstruct  Erth           ####......   26%         5
 Petrify                  Tmut/Erth      ###.....     41%         4


Dungeon Overview and Level Annotations

Branches:
Dungeon (3/15)

Altars:
Ashenzari
Cheibriados
Dithmenos


Innate Abilities, Weirdness & Mutations

You are resistant to damage.
You can heal yourself by infusing magical energy.
You passively map a small area around you.
You do not regenerate.


Message History

b - 22 stones You now have 5/7 mp.
An adder and an orc come into view.
A hobgoblin comes into view.
Found a stone staircase leading up.
It was a potion of degeneration.
There was something very wrong with that liquid.
You feel weakened.
You feel dopey.
You feel clumsy.
An orc comes into view. It is wielding a +0 hand axe.
The hobgoblin shouts!
The adder hisses angrily.
Casting: Sandblast (safe; 1% risk of failure)
Confirm with . or Enter, or press ? or * to list all spells.
Aiming: Sandblast (safe; 1% risk of failure)
Press: ? - help, Shift-Dir - straight line, f - adder
Aim: an adder The blast of sand hits the adder!
The adder is almost dead.
b - 21 stones The orc shouts! x2
The orc throws a boomerang.
The boomerang barely misses you.
The weapon returns to the orc!
The adder barely misses you.
You now have 4/7 mp.
Casting: Sandblast (safe; 1% risk of failure)
Confirm with . or Enter, or press ? or * to list all spells.
Aiming: Sandblast (safe; 1% risk of failure)
Press: ? - help, Shift-Dir - straight line, f/p - adder
Aim: an adder (almost dead)
The blast of sand hits the adder!
You kill the adder!
b - 20 stones The orc throws a boomerang.
The boomerang barely misses you.
The weapon returns to the orc!
A goblin comes into view. It is wielding a +0 club.
Casting: Sandblast (safe; 1% risk of failure)
Confirm with . or Enter, or press ? or * to list all spells.
You can't see any susceptible monsters within range! (Use Z to cast anyway.)
You now have 3/7 mp.
Unknown command.
The goblin misses you. The goblin closely misses you.
The goblin hits you with a +0 club.
The orc throws a boomerang.
The boomerang barely misses you.
The weapon returns to the orc!
Casting: Sandblast (safe; 1% risk of failure)
Confirm with . or Enter, or press ? or * to list all spells.
Aiming: Sandblast (safe; 1% risk of failure)
Press: ? - help, Shift-Dir - straight line, f - goblin
Aim: a goblin, wielding a +0 club The blast of sand hits the goblin!
You kill the goblin!
b - 19 stones You now have 4/7 mp.
The orc throws a boomerang.
The boomerang closely misses you.
The weapon returns to the orc!
The orc throws a boomerang.
The boomerang hits you but does no damage.
The weapon returns to the orc!
The orc throws a boomerang.
The boomerang hits you.
* * * LOW HITPOINT WARNING * * *
The weapon returns to the orc!
You take 3 damage, and have 3/42 hp.
Okay, then.
As you read the scroll labeled SYC LAINGIUF, it crumbles to dust.
The scroll dissolves into smoke.
It was a scroll of fog.
An orc comes into view. It is wielding a +0 club.
A leopard gecko comes into view.
MP restored: 7 The helpless leopard gecko fails to defend itself.
You hit the leopard gecko.
The leopard gecko is lightly wounded.
The leopard gecko hisses menacingly.
The leopard gecko bites you. x2
* * * LOW HITPOINT WARNING * * *
You take 2 damage, and have 1/42 hp.
Casting: Sandblast (safe; 1% risk of failure)
Confirm with . or Enter, or press ? or * to list all spells.
Aiming: Sandblast (safe; 1% risk of failure)
Press: ? - help, Shift-Dir - straight line, f - leopard gecko
Aim: a leopard gecko (lightly wounded)
The blast of sand hits the leopard gecko!
You kill the leopard gecko!
b - 18 stones You now have 6/7 mp.
Press: ? - help, Dir - move target cursor
As you read the scroll labeled XAUTORI VIELI, it crumbles to dust.
It was a scroll of blinking.
What are your orders? t - Shout!
Orders for allies: a - Attack new target. r - Retreat! s - Stop attacking. g - Guard the area. f - Follow me.
Anything else - Cancel.
Retreat in which direction?
Press: ? - help, Dir - move target cursor, f - you
Okay, then.
As you read the scroll labeled ZUDUTE OSOQUVU, it crumbles to dust.
You feel blessed for a moment.
It was a scroll of remove curse.
Unknown command.
Search for what [Enter for "D:2", or ? for help]?
Okay, then.
Are you sure you want to abandon this character and quit the game? (Confirm with "yes".)

, * * ..# , ...
, , , #.. , ,,,
#.# ** #.# *,
#.# # , #.# .#
* , ###@#####.#
*
#............#
#.########ยง###
# ,* #.#
####### * *
#.######......
,
#...........o.
* ,
########.#####
* #.# #.#


There were no monsters in sight!

Vanquished Creatures
  Natasha (twice) (D:2)
  7 gnolls
  3 adders
  An ooze (D:2)
  3 worms (D:2)
  2 dart slugs (D:2)
  3 leopard geckos
  2 giant cockroaches
  8 goblins
  5 hobgoblins
  2 jackals (D:1)
  A ball python (D:2)
  6 bats
  4 frilled lizards
  2 kobolds (D:1)
  12 rats
63 creatures vanquished.

Notes
Turn   | Place    | Note
-------+----------+-------------------------------------------
     0 | D:1      | Irenicus the Deep Dwarf Earth Elementalist began the quest
                  | for the Orb.
     0 | D:1      | Reached XP level 1. HP: 15/15 MP: 3/3
    98 | D:1      | Reached XP level 2. HP: 20/22 MP: 0/4
   143 | D:1      | Reached skill level 5 in Earth Magic
   318 | D:1      | Reached XP level 3. HP: 24/28 MP: 1/5
   356 | D:1      | Found a broken altar of Ashenzari.
   443 | D:2      | Reached skill level 6 in Earth Magic
   561 | D:2      | Noticed Natasha
   569 | D:2      | Killed Natasha
   569 | D:2      | Reached XP level 4. HP: 26/36 MP: 0/6
   612 | D:2      | Found a shadowy altar of Dithmenos.
   613 | D:2      | Found a snail-covered altar of Cheibriados.
   627 | D:2      | Reached skill level 7 in Earth Magic
   683 | D:2      | Noticed Natasha
   688 | D:2      | HP: 5/36 [Natasha (7)]
   689 | D:2      | HP: 2/36 [Natasha (3)]
   695 | D:2      | Killed Natasha
   695 | D:2      | Reached XP level 5. HP: 13/42 MP: 7/7
   731 | D:2      | HP: 8/42 [goblin (3)]
   761 | D:2      | Reached skill level 8 in Earth Magic
   784 | D:2      | HP: 6/42 [rat (1)]
   885 | D:3      | HP: 3/42 [orc/boomerang (3)]
   907 | D:3      | HP: 1/42 [leopard gecko (2)]
   911 | D:3      | Quit the game

Illustrated notes

Levels and vault maps discovered:
D:1:      scummos_arrival_simple_crosswalls, layout_basic,
          evilmike_ruin_ashenzari
D:2:      layout_basic, gammafunk_temple_overflow_statue, uniq_natasha
D:3:      layout_loops_ring, minmay_overflow_temple_star_quad, uniq_terence,
          uniq_ijyb, uniq_jessica

Skill      XL: |  1  2  3  4  5 |
---------------+----------------+-----
Earth Magic    | 5 6 7 8 |  8.5
Dodging        | |  2.1
Stealth        | |  2.4
Spellcasting   | |  1.7
Transmutations | |  0.8

Action                   |  1- 3 |  4- 6 || total
-------------------------+-------+-------++-------
Melee: Club              |    11 |    18 ||    29
 Cast: Sandblast         |    43 |    36 ||    79
  Use: Potion            |       |     6 ||     6
       Scroll            |       |     5 ||     5
 Stab: Sleeping          |     1 |     1 ||     2
Armor: Robe              |     7 |       ||     7
       Leather armour    |     4 |    19 ||    23
Dodge: Dodged            |    33 |    50 ||    83

Table legend: (Time is in decaauts)
 A = Elapsed time spent in this place.
 B = Non-inter-level travel time spent in this place.
 C = Inter-level travel time spent in this place.
 D = Time resting spent in this place.
 E = Time spent auto-exploring this place.
 F = Levels seen in this place.
 G = Mean time per level.
                   A        B        C        D        E       F      G
               +--------+--------+--------+--------+--------+-----+--------+
         Total |    918 |    896 |     22 |      0 |      0 |   3 |  306.0 |
       Dungeon |    918 |    896 |     22 |      0 |      0 |   3 |  306.0 |
               +--------+--------+--------+--------+--------+-----+--------+

Top non-repeatable levels by time:
     D:1: 443 daAuts
     D:2: 417 daAuts
     D:3: 57 daAuts

Table legend:
 A = Kills in this place as a percentage of kills in entire the game.
 B = Kills by you in this place as a percentage of kills by you in the entire game.
 C = Kills by friends in this place as a percentage of kills by friends in the entire game.
 D = Other kills in this place as a percentage of other kills in the entire game.
 E = Experience gained in this place as a percentage of experience gained in the entire game.
 F = Experience gained in this place divided by the number of levels of this place that you have seen.
                   A       B       C       D       E      F
               +-------+-------+-------+-------+-------+----------------------
         Total | 100.0 | 100.0 |   N/A |   N/A | 100.0 | 103.3
       Dungeon | 100.0 | 100.0 |   N/A |   N/A | 100.0 | 103.3
               +-------+-------+-------+-------+-------+----------------------
